 Dungeon Crawl Stone Soup version 0.27-a0-695-gb4952372f7 (webtiles) character file.

Game seed: 16509589740205054296

692 kenlaan the Cutter (level 7, -7/66 HPs)
             Began as a Kobold Berserker on Mar 21, 2021.
             Was a Priest of Trog.
             Mangled by a lemure (8 damage)
             ... led by Pikel
             ... on level 4 of the Dungeon.
             The game lasted 00:09:43 (5466 turns).

kenlaan the Cutter (Kobold Berserker)               Turns: 5466, Time: 00:09:43

Health: -7/66      AC:  3    Str: 16    XL:     7   Next: 95%
Magic:  7/7        EV: 14    Int:  8    God:    Trog [***...]
Gold:   127        SH:  4    Dex: 15    Spells: 6/6 levels left

rFire    . . .     SeeInvis .   b - +1 dagger (venom)
rCold    . . .     Faith    .   k - +0 buckler
rNeg     . . .     Spirit   .   h - +0 leather armour
rPois    .         Reflect  .   (no helmet)
rElec    .         Harm     .   (no cloak)
rCorr    .         Rampage  .   (no gloves)
Will     .....                  (no boots)
Stlth    ..........             (no amulet)
HPRegen  0.21/turn              (no ring)
MPRegen  0.10/turn              (no ring)

@: berserking, very quick
A: small, no large weapons, nightstalker 3
a: Renounce Religion, Berserk, Trog's Hand


You were on level 4 of the Dungeon.
You worshipped Trog.
Trog was most pleased with you.
You visited 1 branch of the dungeon, and saw 4 of its levels.

You collected 127 gold pieces.

Inventory:

Hand Weapons
 a - a +0 short sword
 b - a +1 dagger of venom (weapon)
Armour
 h - a +0 leather armour (worn)
 k - a +0 buckler (worn)
Jewellery
 j - an amulet of regeneration
Scrolls
 e - a scroll of teleportation
 i - a scroll of identify
Potions
 c - a potion of haste
 g - a potion of mutation


   Skills:
 + Level 4.7 Fighting
 + Level 7.5 Short Blades
 + Level 2.5 Armour
 + Level 3.9 Dodging
 + Level 6.1 Stealth


You had 6 spell levels left.
You didn't know any spells.
Your spell library was empty.

Dungeon Overview and Level Annotations

Branches:
Dungeon (4/15)
 Temple: D:4-7

Altars:
Sif Muna
Wu Jian

Shops:
D:2 (   D:3 [(*(*

Annotations:
D:4 Pikel


Innate Abilities, Weirdness & Mutations

You are small and have problems with some larger weapons.
You are completely attuned to the shadows.


Message History

The lemure shouts!
You hear a bark!
You hear a shout!
You see here 10 gold pieces.
A hound, a lemure and Pikel come into view.
Pikel is wielding a +0 whip of freezing and carrying a wand of acid (7).
The lemure shouts!
You hear an angry hiss.
A lemure comes into view.
The hound closely misses you.
A lemure comes into view.
Pikel zaps a wand.
The bolt of acid hits the dart slug!
The dart slug is splashed with acid.
The dart slug dies!
The bolt of acid hits you!!
Ouch! That really hurt!
You are splashed with acid!
* * * LOW HITPOINT WARNING * * *
Unknown command.
You feel better. The hound bites you but does no damage. The lemure hits you.
The hound bites you.
A red film seems to cover your vision as you go berserk!
You feel yourself moving faster!
You feel mighty!
The lemure shouts!
You block the lemure's attack. The hound misses you.
Pikel hits you with a +0 whip of freezing!
* * * LOW HITPOINT WARNING * * *
Pikel freezes you.
* * * LOW HITPOINT WARNING * * *
You completely miss Pikel. The lemure closely misses you.
The hound closely misses you.
You hit Pikel.
Pikel is poisoned.
Pikel is lightly wounded.
You closely miss Pikel.
Pikel is lightly wounded.
The hound completely misses you. The lemure hits you.
* * * LOW HITPOINT WARNING * * *
Pikel hits you with a +0 whip of freezing.
* * * LOW HITPOINT WARNING * * *
Pikel freezes you.
* * * LOW HITPOINT WARNING * * *
The lemure hits you!
You die...

....#.### #.......#..
# #..#........
..#...........
...5..$!....#.
..5K@....).... ..
...h55.#...... ..
....l.###..... ...#
....... #..... ...#
......###........##..
...........#......
...##...####..)... ..
#...# #...... . ##..#
#......


You could see Pikel (very poisoned), 4 lemures, a hound and a frilled lizard.

Vanquished Creatures
  Sigmund (D:3)
  2 ogres (D:4)
  A bullfrog (D:3)
  An iguana (D:4)
  2 orc wizards (D:3)
  A worker ant (D:4)
  4 gnolls
  6 adders
  3 oozes
  2 worms
  A dart slug (D:1)
  2 leopard geckos
  6 orcs (D:3)
  3 ball pythons
  12 bats
  2 giant cockroaches
  5 goblins
  12 hobgoblins
  4 jackals
  2 quokkas
  A frilled lizard (D:2)
  12 kobolds
  11 rats
96 creatures vanquished.

Vanquished Creatures (others)
  A dart slug (D:4)
1 creature vanquished.

Grand Total: 97 creatures vanquished

Notes
Turn   | Place    | Note
-------+----------+-------------------------------------------
     0 | D:1      | kenlaan the Kobold Berserker began the quest for the Orb.
     0 | D:1      | Reached XP level 1. HP: 14/14 MP: 1/1
   422 | D:1      | Reached XP level 2. HP: 7/19 MP: 2/2
  1091 | D:1      | Reached XP level 3. HP: 24/24 MP: 3/3
  1429 | D:1      | Reached skill level 1 in Stealth
  1749 | D:2      | Reached XP level 4. HP: 27/29 MP: 4/4
  1792 | D:2      | Reached ** piety under Trog
  1797 | D:2      | Found Erchiont's Weapon Shop.
  2073 | D:2      | Reached skill level 5 in Short Blades
  2082 | D:2      | Found a shimmering blue altar of Sif Muna.
  2126 | D:2      | Found an ornate altar of the Wu Jian Council.
  2747 | D:3      | Reached XP level 5. HP: 32/33 MP: 5/5
  2910 | D:3      | Found Wikliom's Assorted Antiques.
  2929 | D:3      | Noticed Sigmund
  2936 | D:3      | Killed Sigmund
  2937 | D:3      | Reached skill level 6 in Short Blades
  2937 | D:3      | Reached XP level 6. HP: 39/39 MP: 6/6
  2994 | D:3      | Found Cucwergh's Assorted Antiques.
  3977 | D:3      | Reached XP level 7. HP: 44/44 MP: 7/7
  3982 | D:3      | Found Kynn's Antique Armour Boutique.
  3988 | D:3      | Found Zoas's Antique Weapon Shop.
  4100 | D:3      | Reached *** piety under Trog
  4130 | D:3      | Found Cysm's Antique Weapon Shoppe.
  4226 | D:3      | Reached skill level 5 in Stealth
  4667 | D:4      | Reached skill level 7 in Short Blades
  5460 | D:4      | Noticed Pikel
  5466 | D:4      | HP: 1/66 [Pikel/+0 whip of freezing (3)]
  5466 | D:4      | Mangled by a lemure

Illustrated notes

Levels and vault maps discovered:
D:1:      evilmike_arrival_plus, layout_basic, minmay_parallelograms
D:2:      layout_basic, lemuel_crystal_altar, led_sif_pool, serial_shops, shop
D:3:      layout_loops_corners, serial_shops, shop_statue, nicolae_shop_trees,
          shop, shop, nicolae_shop_crystal, grunt_ministairs_7, uniq_sigmund
D:4:      layout_cave_pools, nicolae_ru_great_annihilating_truth, uniq_pikel

Skill      XL: |  1  2  3  4  5  6  7 |
---------------+----------------------+-----
Stealth        | 1 2 4 6 |  6.1
Fighting       | 4 |  4.7
Short Blades   | 5 6 7 |  7.5
Dodging        | 3 |  3.9
Armour         | 2 |  2.5

Action                   |  1- 3 |  4- 6 |  7- 9 || total
-------------------------+-------+-------+-------++-------
Melee: Short sword       |    79 |   140 |    24 ||   243
       Dagger            |       |       |    55 ||    55
Invok: Berserk           |     4 |     3 |     6 ||    13
       Trog's Hand       |       |     1 |       ||     1
  Use: Scroll            |     1 |     3 |     2 ||     6
       Potion            |       |       |     1 ||     1
 Stab: Sleeping          |     7 |    18 |     6 ||    31
       Distracted        |       |       |     1 ||     1
Armor: Animal skin       |    12 |     7 |       ||    19
       Leather armour    |       |     1 |     5 ||     6
Dodge: Dodged            |    56 |    59 |    39 ||   154
Block: Buckler           |       |       |     1 ||     1

Table legend: (Time is in decaauts)
 A = Elapsed time spent in this place.
 B = Non-inter-level travel time spent in this place.
 C = Inter-level travel time spent in this place.
 D = Time resting spent in this place.
 E = Time spent auto-exploring this place.
 F = Levels seen in this place.
 G = Mean time per level.
                   A        B        C        D        E       F      G
               +--------+--------+--------+--------+--------+-----+--------+
         Total |   5530 |   5334 |    196 |   2635 |   1969 |   4 | 1382.5 |
       Dungeon |   5530 |   5334 |    196 |   2635 |   1969 |   4 | 1382.5 |
               +--------+--------+--------+--------+--------+-----+--------+

Top non-repeatable levels by time:
     D:3: 2481 daAuts
     D:1: 1775 daAuts
     D:2: 811 daAuts
     D:4: 462 daAuts
